 Dungeon Crawl Stone Soup version 0.30-a0-40-gc6d0f036a7 (webtiles) character file.

Game seed: 4766983712661206811

379 Newt the Trooper (level 6, -1/41 (48) HPs)
             Began as a Demonspawn Gladiator on Aug 29, 2022.
             Slain by a wight
             ... wielding a +3 dire flail of freezing
              (2 damage)
             ... on level 5 of the Dungeon.
             The game lasted 00:06:09 (5410 turns).

Newt the Trooper (Demonspawn Gladiator)             Turns: 5410, Time: 00:06:10

HP:   -1/41 (48)    AC:  7    Str: 17    XL:     6   Next: 45%
MP:   6/6           EV: 10    Int:  9    God:
Gold: 247           SH:  0    Dex: 14    Spells: 5/5 levels left

rFire   . . .      SeeInvis .    s - +2 short sword (venom)
rCold   . . .      Faith    .    (no shield)
rNeg    . . .      Spirit   .    r - +0 scale mail
rPois   .          Reflect  .    c - +0 helmet
rElec   .          Harm     .    (no cloak)
rCorr   .          Rampage  .    (no gloves)
Will    .....                    (no boots)
Stlth   +.........               (no amulet)
HPRegen 0.13/turn                (no ring)
MPRegen 0.10/turn                (no ring)

@: about to teleport, heavily drained
A: ignite blood 1, powered by pain 1
a: no special abilities


You were on level 5 of the Dungeon.
You visited 1 branch of the dungeon, and saw 5 of its levels.

You collected 247 gold pieces.

Inventory:

Hand Weapons
 a - a +0 rapier
 f - a +1 mace of holy wrath
 m - a +0 rapier of freezing
 s - a +2 short sword of venom (weapon)
Missiles
 d - 2 throwing nets
 e - a javelin
 i - 7 boomerangs (quivered)
 l - 5 poisoned darts
 q - 3 atropa-tipped darts
 t - 4 curare-tipped darts
Armour
 b - a +0 leather armour
 c - a +0 helmet (worn)
 r - a +0 scale mail (worn)
Scrolls
 k - a scroll of identify
 v - a scroll of brand weapon {unknown}
 y - a scroll of amnesia
Potions
 g - 2 potions of lignification
 h - 2 potions of flight
 j - a potion of invisibility
 n - 2 potions of brilliance
 o - a potion of berserk rage
 w - a potion of heal wounds {unknown}
 x - a potion of attraction {unknown}
 z - a potion of haste {unknown}


   Skills:
 - Level 4.0 Fighting
 + Level 4.0 Short Blades
 - Level 4.0 Throwing
 - Level 2.6 Dodging
 - Level 2.0 Stealth


You had 5 spell levels left.
You didn't know any spells.
Your spell library contained the following spells:

 Spells                   Type           Power      Damage    Failure   Level
 Foxfire                  Conj/Fire      0%         2x1d4     83%         1
 Conjure Flame            Conj/Fire      0%         6-21      99%         3
 Inner Flame              Hex/Fire       0%         N/A       99%         3
 Animate Armour           Summ/Erth      0%         N/A       100%        4
 Flame Wave               Conj/Fire      0%         2d4       100%        4
 Summon Ice Beast         Ice/Summ       0%         N/A       100%        4
 Blade Hands              Tmut           0%         N/A       100%        5
 Summon Mana Viper        Hex/Summ       0%         N/A       100%        5
 Iron Shot                Conj/Erth      0%         9d1       100%        6
 Monstrous Menagerie      Summ           0%         N/A       100%        7


Dungeon Overview and Level Annotations

Branches:
Dungeon (5/15)
 Temple: D:4-7

Altars:

Shops:
D:4 (

Annotations:
D:4 3 runed translucent doors, Setbun's ghost, amateur MiFi; flotson's ghost, weakling DsDe
D:5 3 runed translucent doors, xian's ghost, novice DsFi


Innate Abilities, Weirdness & Mutations

Your demonic aura sometimes causes spilled blood to erupt in flames.
You sometimes gain a little power by taking damage.


Message History

The orc shouts!
The boomerang hits the wight but does no damage.
The wight is severely damaged.
An orc priest comes into view. It is wielding a +0 whip.
The wight hits you with a +3 dire flail of freezing!
The wight freezes you.
Throw: 7 boomerangs
Press: ? - help, Q - select action, (/) - cycle Shift-Dir - straight line, f/p - wight
Aim: a wight, wielding a +3 dire flail of freezing and wearing a +0 robe (heavily damaged, 63% to hit)
You throw a boomerang. The boomerang barely misses the wight.
The orc priest shouts!
The boomerang hits the jackal.
The jackal is severely wounded.
The wight barely misses you. The wight attacks as you move away!
The wight hits you with a +3 dire flail of freezing!
You feel drained. The wight freezes you.
* * * LOW HITPOINT WARNING * * *
Unknown command.
As you read the scroll of teleportation, it crumbles to dust.
You feel strangely unstable.
The wight hits you with a +3 dire flail of freezing.
* * * LOW HITPOINT WARNING * * *
You feel drained.
* * * LOW HITPOINT WARNING * * *
The wight freezes you.
* * * LOW HITPOINT WARNING * * *
You feel better. The wight hits you with a +0 flail.
* * * LOW HITPOINT WARNING * * *
You feel drained.
* * * LOW HITPOINT WARNING * * *
The wight hits you with a +3 dire flail of freezing.
* * * LOW HITPOINT WARNING * * *
The wight freezes you.
* * * LOW HITPOINT WARNING * * *
You feel better. The wight closely misses you.
The wight hits you with a +3 dire flail of freezing!
* * * LOW HITPOINT WARNING * * *
You feel drained.
You die...

######## #......#
.######......#
......'......#
.######......#
..#######......# #######
......ohz....### #......
......###@...# #.####.
.......oz....# #.# #.
.............#######.#
#.
####..............##.#
#.
................##.####?
................##.#....
.....................>##
.................#.#.##
.......##.......#.#


You could see 2 wights, an orc priest, an orc and a jackal.

Vanquished Creatures
  A necrophage (D:5)
  2 hounds
  An iguana (D:4)
  2 orc wizards
  2 gnolls
  4 adders
  A worm (D:2)
  2 dart slugs
  18 orcs
  7 endoplasms
  6 giant cockroaches
  9 hobgoblins
  5 jackals
  3 quokkas (D:1)
  7 ball pythons
  6 bats
  6 frilled lizards
  6 goblins
  7 kobolds
  10 rats
105 creatures vanquished.

Notes
Turn   | Place    | Note
-------+----------+-------------------------------------------
     0 | D:1      | Newt the Demonspawn Gladiator began the quest for the Orb.
     0 | D:1      | Reached XP level 1. HP: 16/16 MP: 1/1
    76 | D:1      | Reached skill level 1 in Stealth
   348 | D:1      | Gained mutation: Your demonic aura sometimes causes spilled
                  | blood to erupt in flames. [demonic ancestry]
   348 | D:1      | Reached XP level 2. HP: 22/22 MP: 2/2
  1050 | D:1      | Gained mutation: You sometimes gain a little power by
                  | taking damage. [demonic ancestry]
  1050 | D:1      | Reached XP level 3. HP: 15/28 MP: 3/3
  2313 | D:2      | Reached XP level 4. HP: 32/37 MP: 4/4
  3472 | D:3      | Reached XP level 5. HP: 40/42 MP: 5/5
  4443 | D:4      | Reached XP level 6. HP: 37/48 MP: 6/6
  4718 | D:4      | Found a runed translucent gate.
  4718 | D:4      | Found a runed translucent gate.
  4718 | D:4      | Found a runed translucent gate.
  4719 | D:4      | Noticed Setbun's ghost (amateur MiFi)
  4719 | D:4      | Noticed Setbun's ghost (amateur MiFi)
  4719 | D:4      | Noticed flotson's ghost (weakling DsDe)
  4750 | D:4      | Found Uxkawn's Antique Weapon Emporium.
  4939 | D:5      | Entered Level 5 of the Dungeon
  5030 | D:5      | Found a runed translucent gate.
  5030 | D:5      | Found a runed translucent gate.
  5030 | D:5      | Found a runed translucent gate.
  5031 | D:5      | Noticed xian's ghost (novice DsFi)
  5410 | D:5      | HP: 1/42 [wight/+3 dire flail of freezing (8)]
  5410 | D:5      | Slain by a wight

Illustrated notes

Levels and vault maps discovered:
D:1:      dpeg_arrival_arbitrary_b, layout_basic
D:2:      layout_basic, cheibrodos_gnoll_hut
D:3:      layout_rooms, kennysheep_generic_room_4
D:4:      layout_loops_corners, gammafunk_ghost_cemetery, serial_shops,
          nicolae_shop_crystal, chequers_serial_rivers_room_a
D:5:      layout_basic, nemelex_altar_shiori, ebering_ghost_rock_garden,
          nicolae_zen_rock_garden

Skill      XL: |  1  2  3  4  5  6 |
---------------+-------------------+-----
Stealth        | 1 2 |  2.0
Fighting       | 3 4 |  4.0
Throwing       | 3 4 |  4.0
Short Blades   | 3 4 |  4.0
Dodging        | |  2.6

Action                   |  1- 3 |  4- 6 || total
-------------------------+-------+-------++-------
Melee: Rapier            |   133 |    62 ||   195
       Short sword       |       |   154 ||   154
       Punch             |       |     3 ||     3
Throw: Throwing net      |     1 |     2 ||     3
       Javelin           |     1 |       ||     1
       Boomerang         |       |     4 ||     4
       Dart              |       |     2 ||     2
  Use: Scroll            |     5 |     9 ||    14
       Potion            |       |     3 ||     3
 Stab: Sleeping          |     5 |     1 ||     6
       Held in net/web   |       |     2 ||     2
Armor: Leather armour    |    31 |    15 ||    46
       Scale mail        |       |    86 ||    86
Dodge: Dodged            |    86 |   125 ||   211

Table legend: (Time is in decaauts)
 A = Elapsed time spent in this place.
 B = Non-inter-level travel time spent in this place.
 C = Inter-level travel time spent in this place.
 D = Time resting spent in this place.
 E = Time spent auto-exploring this place.
 F = Levels seen in this place.
 G = Mean time per level.
                   A        B        C        D        E       F      G
               +--------+--------+--------+--------+--------+-----+--------+
         Total |   5414 |   5255 |    159 |    784 |   3666 |   5 | 1082.8 |
       Dungeon |   5414 |   5255 |    159 |    784 |   3666 |   5 | 1082.8 |
               +--------+--------+--------+--------+--------+-----+--------+

Top non-repeatable levels by time:
     D:1: 1852 daAuts
     D:4: 1230 daAuts
     D:2: 1000 daAuts
     D:3: 864 daAuts
     D:5: 467 daAuts
